 Dungeon Crawl Stone Soup version 0.29-a0-341-g24ffce5b50 (webtiles) character file.

Game seed: 5718229425262837043

2160 Flugkiller the Poker (level 9, -5/75 HPs)
             Began as a Palentonga Chaos Knight on Apr 20, 2022.
             Was a Plaything of Xom.
             Slain by a yak (13 damage)
             ... on level 6 of the Dungeon.
             The game lasted 00:05:48 (6081 turns).

Flugkiller the Poker (Palentonga Chaos Knight)      Turns: 6081, Time: 00:05:49

Health: -5/75      AC: 14    Str: 19    XL:     9   Next: 10%
Magic:  9/9        EV:  9    Int: 13    God:    Xom [*.....]
Gold:   155        SH:  0    Dex: 10    Spells: 8/8 levels left

rFire   . . .      SeeInvis +   u - +4 trident (vamp)
rCold   . . .      Faith    .   (no shield)
rNeg    . . .      Spirit   .   b - +2 leather armour
rPois   .          Reflect  .   (no helmet)
rElec   .          Harm     .   (no cloak)
rCorr   .          Rampage  .   (no gloves)
Will    .....                   (no barding)
Stlth   +.........              (no amulet)
HPRegen 0.22/turn               (no ring)
MPRegen 0.11/turn               (no ring)

@: mighty, brilliant, lethally poisoned (-5 -> -14), hasted, curled up, very
quick
A: large, rugged brown scales 3, see invisible, deformed body, roll 3, armoured
tail, reflexive curl, claws 1, hooves 1, stinger 1, sense surroundings 1,
subdued magic 1
a: Rolling Charge, Renounce Religion


You were on level 6 of the Dungeon.
You worshipped Xom.
You were a special plaything of Xom.
You visited 1 branch of the dungeon, and saw 6 of its levels.

You collected 311 gold pieces.
You spent 156 gold pieces at shops.

Inventory:

Hand Weapons
 a - a +0 hand axe of chaos
 u - a +4 vampiric trident (weapon)
   (You bought it in a shop on level 1 of the Dungeon)
Armour
 b - a +2 leather armour (worn)
Jewellery
 m - a ring of ice
   (Xom gifted it to you on level 4 of the Dungeon)
Wands
 g - a wand of paralysis (1)
   (You found it on level 4 of the Dungeon)
Scrolls
 p - 2 scrolls of enchant armour
 s - 2 scrolls of magic mapping
Potions
 d - a potion of might
 e - a potion of lignification {unknown}
 f - a potion of ambrosia
 h - a potion of haste
 i - a potion of cancellation {unknown}
 j - 2 potions of brilliance
 k - 2 potions of flight
 l - a potion of magic {unknown}
 n - 2 potions of resistance
 o - a potion of attraction {unknown}
 q - a potion of curing
Miscellaneous
 c - a piece from Xom's chessboard (15/15) (quivered)


   Skills:
 + Level 6.6 Fighting
 - Level 3.3(5.8) Axes
 * Level 6.8(7.1) Polearms
 + Level 5.1 Armour
 - Level 0.7 Dodging
 + Level 3.4 Evocations


You had 8 spell levels left.
You didn't know any spells.
Your spell library contained the following spells:

 Spells                   Type           Power      Damage    Failure   Level
 Magic Dart               Conj           0%         1d3       30%         1
 Summon Small Mammal      Summ           0%         N/A       30%         1
 Scorch                   Fire           0%         2d5       43%         2
 Searing Ray              Conj           0%         2d4       43%         2
 Call Canine Familiar     Summ           0%         N/A       67%         3
 Summon Guardian Golem    Hex/Summ       0%         N/A       67%         3
 Flame Wave               Conj/Fire      0%         2d4       97%         4
 Fulminant Prism          Conj/Hex       0%         3d6       97%         4
 Summon Cactus Giant      Summ           0%         N/A       100%        6
 Orb of Destruction       Conj           0%         9d5       100%        7
 Spellforged Servitor     Conj/Summ      0%         N/A       100%        7


Dungeon Overview and Level Annotations

Branches:
Dungeon (6/15)             Temple (0/1) D:4

Altars:
Gozag
Trog

Shops:
D:1 (   D:3 ?


Innate Abilities, Weirdness & Mutations

You are completely covered in rugged brown scales. (AC +3, +7% HP)
You have supernaturally acute eyesight. (SInv)
Armour fits poorly on your strangely shaped body.
You can roll a great distance at foes to attack.
You have a long armoured tail.
You curl defensively after being hit. (AC +7*)
You have sharp fingernails.
You have large cloven feet.
Your tail ends in a venomous barb.
You passively map a small area around you.
Your spells are a little easier to cast, but a little less powerful.


Message History

Unknown command.
It was a potion of brilliance.
You feel clever all of a sudden.
Xom thinks this is hilarious!
The black bear bites you. The black bear completely misses you.
The black bear claws you but does no damage.
The yak gores you but does no damage. The yak gores you!
It was a potion of curing.
You feel better.
q - a potion of curing;
k - 2 potions of flight You feel less invigorated.
A water moccasin comes into view.
The black bear bites you but does no damage.
The black bear barely misses you. The black bear closely misses you.
A jelly comes into view.
The yak barely misses you. The yak gores you.
As you read the scroll labelled JYRRYU RIXO, it crumbles to dust.
The scroll dissolves into smoke.
It was a scroll of fog.
The black bear bites you!
The black bear claws you but does no damage. x2
The yak gores you. x2
* * * LOW HITPOINT WARNING * * *
Unknown command.
Unknown command.
You feel much better.
You kill the yak!
The black bear bites you.
The black bear claws you but does no damage.
The black bear barely misses you. The yak gores you but does no damage.
You feel yourself speed up.
The black bear bites you but does no damage.
The black bear claws you but does no damage.
The black bear closely misses you.
You closely miss the black bear. Your kick misses the black bear.
Your tail-slap misses the black bear.
The black bear is heavily wounded.
The black bear bites you. The black bear barely misses you.
The black bear claws you but does no damage.
You hit the black bear. You kick the black bear.
The black bear is severely wounded.
The yak gores you! The yak gores you but does no damage.
The black bear closely misses you.
The black bear claws you but does no damage.
The black bear barely misses you.
You puncture the black bear!
The black bear is almost dead.
The yak completely misses you. The yak barely misses you.
You puncture the black bear!
You kill the black bear!
Your Armour skill increases to level 5!
You have reached level 9!
Your experience leads to an increase in your attributes!
Increase (S)trength, (I)ntelligence, or (D)exterity?
You feel stronger. x2
Unknown command.
You feel very mighty all of a sudden.
The centaur unwields a +2 vorpal shortbow.
The centaur wields a +0 rapier.
The centaur closely misses you. The centaur barely misses you.
The yak closely misses you. The yak barely misses you.
Unknown command.
You impale the centaur!!
You feel better.
You kill the centaur!
The yak gores you. x2
You impale the yak!! You kick the yak.
The yak is severely wounded.
The water moccasin barely misses you.
You puncture the yak!
You feel better.
Your kick misses the yak.
The yak is almost dead.
The water moccasin bites you but does no damage.
The yak gores you! x2
You impale the yak!!
You kill the yak!
The water moccasin bites you!
* * * LOW HITPOINT WARNING * * *
Unknown command.
You closely miss the water moccasin. Your kick misses the water moccasin.
The yak gores you but does no damage. The water moccasin closely misses you.
You puncture the water moccasin!
Your tail-slap misses the water moccasin.
The water moccasin is heavily wounded.
Xom makes a sudden noise!
You hear the tinkle of an enormous bell.
You hear a shout!
You puncture the water moccasin!
You feel better.
Your kick misses the water moccasin.
Your tail-slap misses the water moccasin.
The water moccasin is severely wounded.
The water moccasin bites you!
* * * LOW HITPOINT WARNING * * *
You are poisoned.
The water moccasin poisons you!
Unknown command.
You miss the water moccasin. Your kick misses the water moccasin.
The water moccasin is severely wounded.
You feel sick.
An ufetubus comes into view.
The water moccasin barely misses you. The yak gores you.
* * * LOW HITPOINT WARNING * * *
The yak gores you!
You die...
Xom is highly amused!

####* #≈≈≈≈≈#........>#
*
.....,#≈≈≈≈≈###.......#
...<[ #≈≈≈≈≈# #.......#
:...#≈≈≈≈≈# ##.....## ,
, ..###'### ##.....##
#.#..# #.......###
#§§Y## #.........#
###Y## #..[....... #@Y#
##.....#.## ##S#
##...##..# * , §l5#
#### ##.. ,,, ..§.# #..
c....# #.. ,......#
##.# .....J.. #####...
.........* ####.......
,,....###....##.###


You could see 3 yaks, a water moccasin, an iguana and an ufetubus.

Vanquished Creatures
  2 yaks (D:6)
  A ynoxinul (D:5)
  Duvessa (D:5)
  A sky beast (D:5)
  An ice beast (D:5)
  A black bear (D:6)
  2 ogres (D:4)
  A centaur (D:6)
  3 phantoms
  A gnoll sergeant (D:4)
  4 scorpions
  Dowan (D:5)
  A howler monkey (D:6)
  2 jellies (D:5)
  3 hounds
  An orc priest (D:5)
  A gnoll shaman (D:4)
  2 iguanas (D:5)
  4 orc wizards
  10 gnolls
  A white imp (D:6)
  An ufetubus (D:4)
  3 worms
  2 dart slugs
  7 orcs
  5 ball pythons
  2 endoplasms (D:2)
  5 giant cockroaches
  5 goblins
  5 hobgoblins
  3 jackals (D:1)
  5 quokkas
  3 bats
  A kobold (D:1)
  5 rats
96 creatures vanquished.

Notes
Turn   | Place    | Note
-------+----------+-------------------------------------------
     0 | D:1      | Flugkiller the Palentonga Chaos Knight began the quest for
                  | the Orb.
     0 | D:1      | Reached XP level 1. HP: 19/19 MP: 1/1
     3 | D:1      | XOM: silly message
    63 | D:1      | XOM: silly message
    96 | D:1      | Reached XP level 2. HP: 23/25 MP: 2/2
   121 | D:1      | Found a faded altar of an unknown god.
   222 | D:1      | Found Icer's Antique Weapon Boutique.
   338 | D:1      | XOM: silly message
   537 | D:1      | XOM: silly message
   837 | D:2      | XOM: noise
   841 | D:2      | Reached XP level 3. HP: 21/31 MP: 3/3
   864 | D:2      | Found an opulent altar of Gozag.
  1584 | D:3      | XOM: 8-stop teleportation journey
  1791 | D:3      | Found Akhito's Magic Scroll Shop.
  2222 | D:3      | Found a bloodstained altar of Trog.
  2546 | D:1      | Bought a runed trident for 156 gold pieces
  2680 | D:4      | Noticed a scorpion
  2691 | D:4      | Killed a scorpion
  2692 | D:4      | Reached skill level 1 in Polearms
  2692 | D:4      | Reached XP level 4. HP: 33/39 MP: 4/4
  2695 | D:4      | XOM: chaos upgrade
  2709 | D:4      | HP: 1/38 [poisoned by a goblin]
  2790 | D:4      | XOM: give mutations
  2790 | D:4      | Gained mutation: You can roll at foes to attack. [Xom's
                  | grace]
  2790 | D:4      | Gained mutation: You have large cloven feet. [Xom's grace]
  2790 | D:4      | Gained mutation: Your system is resistant to poisons.
                  | (rPois) [Xom's grace]
  3031 | D:4      | XOM: give mutations
  3031 | D:4      | Gained mutation: You passively map a small area around you.
                  | [Xom's grace]
  3031 | D:4      | Gained mutation: You can roll a great distance at foes to
                  | attack. [Xom's grace]
  3063 | D:4      | Noticed an ogre
  3064 | D:4      | Noticed a phantom
  3064 | D:4      | Noticed a phantom
  3065 | D:4      | XOM: summons friendly crimson imp
  3096 | D:4      | XOM: summons friendly white imp
  3245 | D:3      | XOM: give mutations
  3245 | D:3      | Gained mutation: Your muscles are strong. (Str +2) [Xom's
                  | grace]
  3245 | D:3      | Gained mutation: You are robust. (+10% HP) [Xom's grace]
  3245 | D:3      | Gained mutation: Your mind is acute. (Int +2) [Xom's grace]
  3245 | D:3      | Gained mutation: You have sharp fingernails. [Xom's grace]
  3301 | D:4      | Found a staircase to the Ecumenical Temple.
  3301 | D:4      | Noticed an ogre
  3301 | D:4      | XOM: 8-stop teleportation journey
  3305 | D:4      | Killed an ogre
  3306 | D:4      | Reached XP level 5. HP: 43/49 MP: 5/5
  3382 | D:4      | XOM: summons 2 friendly demons
  3597 | D:4      | XOM: fog
  3752 | D:3      | Killed a phantom
  3753 | D:3      | Reached XP level 6. HP: 23/57 MP: 6/6
  3970 | D:4      | XOM is BORED!
  3970 | D:4      | XOM: summons 1 hostile demon
  4041 | D:4      | XOM: 6-stop teleportation journey
  4141 | D:4      | XOM: god gift: +2 great mace of chaos
  4403 | D:4      | Reached skill level 5 in Fighting
  4403 | D:4      | Gained mutation: You curl defensively after being hit. (AC
                  | +7*) [Palentonga growth]
  4403 | D:4      | Reached XP level 7. HP: 65/65 MP: 7/7
  4641 | D:4      | XOM: god gift: glowing golden ring {god gift}
  4648 | D:5      | Entered Level 5 of the Dungeon
  4775 | D:5      | XOM: 1-stop teleportation journey
  4793 | D:5      | Noticed Grinder
  4793 | D:5      | Noticed Grinder
  4793 | D:5      | Grinder changed into Grinder the smoke demon
  4793 | D:5      | XOM: polymorph Grinder -> Grinder the smoke demon
  4813 | D:5      | Noticed Grinder
  4813 | D:5      | Grinder the smoke demon changed into Grinder the ynoxinul
  4813 | D:5      | XOM: polymorph Grinder the smoke demon -> Grinder the
                  | ynoxinul
  4824 | D:5      | Killed Grinder the ynoxinul
  4825 | D:5      | Reached skill level 1 in Evocations
  4909 | D:5      | XOM: give mutations
  4909 | D:5      | Lost mutation: Your system is resistant to poisons. (rPois)
                  | [Xom's mischief]
  4909 | D:5      | Gained mutation: Your spells are a little easier to cast,
                  | but a little less powerful. [Xom's mischief]
  4909 | D:5      | Lost mutation: You are robust. (+10% HP) [Xom's mischief]
  4992 | D:5      | Reached skill level 5 in Polearms
  4996 | D:5      | Reached XP level 8. HP: 44/67 MP: 8/8
  5002 | D:5      | Noticed Dowan
  5003 | D:5      | Noticed Duvessa
  5003 | D:5      | XOM: chaos upgrade
  5005 | D:5      | XOM: give mutations
  5005 | D:5      | Lost mutation: Your muscles are strong. (Str +2) [Xom's
                  | mischief]
  5005 | D:5      | Gained mutation: Your tail ends in a venomous barb. [Xom's
                  | mischief]
  5005 | D:5      | Lost mutation: Your mind is acute. (Int +2) [Xom's
                  | mischief]
  5262 | D:5      | XOM: 1-stop teleportation journey
  5468 | D:5      | Killed Duvessa
  5472 | D:5      | XOM: noise
  5476 | D:5      | Paralysed by Dowan for 5 turns
  5487 | D:5      | Killed Dowan
  6062 | D:6      | XOM: destruction
  6073 | D:6      | Reached skill level 5 in Armour
  6073 | D:6      | Reached XP level 9. HP: 30/75 MP: 9/9
  6079 | D:6      | XOM: noise
  6081 | D:6      | Slain by a yak

Illustrated notes

Levels and vault maps discovered:
D:1:      lightli_molten_gateway, layout_basic, serial_shops,
          nicolae_shop_waterfront, shapermc_ecumenical_altar_mp_urbaneastern
D:2:      layout_rooms, basic_altar, minmay_pentomino_s2
D:3:      layout_rooms, mainiacjoe_overflow_cross_hatched,
          serial_co_window_serial, co_window_corner_a, co_window_corner_a,
          co_window_corner_a, co_window_paths_b, co_window_paths_a,
          co_window_corner_a, co_window_paths_a, co_window_paths_a,
          co_window_paths_a, co_window_broadway_c, co_window_of_opportunity_c,
          co_window_unsneaky_path_c, co_window_paths_d, glass_columns_b,
          serial_shops, nicolae_square_shop
D:4:      layout_loops_ring, minmay_temple_entry_wispy
D:5:      layout_loops_ring, kennysheep_generic_room_15, uniq_duvessa,
          uniq_grinder
D:6:      layout_rooms, serial_shops, shop, serial_rivers,
          chequers_serial_rivers_small_a, chequers_serial_rivers_micro_c,
          chequers_serial_rivers_large_a, chequers_serial_rivers_micro_d,
          chequers_serial_rivers_room_b, chequers_serial_rivers_room_b

Skill      XL: |  1  2  3  4  5  6  7  8 |
---------------+-------------------------+-----
Armour         | 2 3 4 5 |  5.1
Fighting       | 4 5 6 |  6.6
Polearms       | 1 2 4 5 6 |  6.8
Evocations     | 1 3 |  3.4
Axes           | |  3.3
Dodging        | |  0.7

Action                   |  1- 3 |  4- 6 |  7- 9 || total
-------------------------+-------+-------+-------++-------
Melee: Hand axe          |   119 |       |       ||   119
       Tailslap          |     9 |    10 |    21 ||    40
       Trident           |     6 |   110 |   161 ||   277
       Kick              |       |    24 |    42 ||    66
       Punch             |       |     2 |     3 ||     5
 Abil: Rolling Charge    |       |     1 |     1 ||     2
Evoke: Piece from Xom's  |       |     1 |     3 ||     4
  Use: Scroll            |    13 |       |     3 ||    16
       Potion            |       |     2 |     8 ||    10
 Stab: Petrified         |       |    10 |       ||    10
Armor: Leather armour    |    54 |    36 |    83 ||   173
Dodge: Dodged            |    66 |    63 |    80 ||   209

Table legend: (Time is in decaauts)
 A = Elapsed time spent in this place.
 B = Non-inter-level travel time spent in this place.
 C = Inter-level travel time spent in this place.
 D = Time resting spent in this place.
 E = Time spent auto-exploring this place.
 F = Levels seen in this place.
 G = Mean time per level.
                   A        B        C        D        E       F      G
               +--------+--------+--------+--------+--------+-----+--------+
         Total |   6095 |   5873 |    222 |   1901 |   3010 |   6 | 1015.8 |
       Dungeon |   6095 |   5873 |    222 |   1901 |   3010 |   6 | 1015.8 |
               +--------+--------+--------+--------+--------+-----+--------+

Top non-repeatable levels by time:
     D:3: 2072 daAuts
     D:5: 1248 daAuts
     D:4: 1246 daAuts
     D:1: 873 daAuts
     D:2: 486 daAuts
     D:6: 168 daAuts
